 Dungeon Crawl Stone Soup version 0.28.0-53-g5a82cb258f (webtiles) character file.

Game seed: 11205867350876744772

42 jamesp the Ruffian (level 3, 0/36 HPs)
             Began as a Troll Monk on Aug 1, 2022.
             Slain by Grinder (8 damage)
             ... on level 3 of the Dungeon.
             The game lasted 00:03:42 (926 turns).

jamesp the Ruffian (Troll Monk)                      Turns: 926, Time: 00:03:42

Health: 0/36       AC:  4    Str: 19    XL:     3   Next: 33%
Magic:  2/2        EV: 10    Int:  6    God:
Gold:   30         SH:  0    Dex: 14    Spells: 2/2 levels left

rFire   . . .      SeeInvis +     - Unarmed
rCold   . . .      Faith    .   (no shield)
rNeg    . . .      Spirit   .   a - +0 robe
rPois   .          Reflect  .   (helmet restricted)
rElec   .          Harm     .   (no cloak)
rCorr   .          Rampage  .   (gloves unavailable)
Will    .....                   (boots unavailable)
Stlth   ++........              (no amulet)
HPRegen 0.92/turn               b - ring of see invisible
MPRegen 0.08/turn               (no ring)

@: no status effects
A: large, unfitting armour, claws 3, regeneration 1, shaggy fur 1, tough skin 1
a: no special abilities


You were on level 3 of the Dungeon.
You visited 1 branch of the dungeon, and saw 3 of its levels.

You collected 30 gold pieces.

Inventory:

Missiles
 c - 4 stones (quivered)
 f - 10 javelins
 k - 16 arrows
Armour
 a - a +0 robe (worn)
Jewellery
 b - a ring of see invisible (left claw)
Scrolls
 d - a scroll of immolation {unknown}
 e - a scroll of torment {unknown}
 i - a scroll of enchant weapon {unknown}
 j - 2 scrolls of teleportation {unknown}
Potions
 g - a potion of heal wounds {unknown}
 h - a potion of lignification {unknown}


   Skills:
 + Level 2.8 Fighting
 + Level 0.6 Throwing
 + Level 2.8 Dodging
 - Level 1.0 Stealth
 + Level 3.4 Unarmed Combat


You had 2 spell levels left.
You didn't know any spells.
Your spell library contained the following spells:

 Spells                   Type           Power      Damage    Failure   Level
 Confusing Touch          Hex            0%         N/A       83%         3
 Yara's Violent Unravell  Hex/Tmut       0%         3d3       100%        5
 Enfeeble                 Hex            0%         N/A       100%        7


Dungeon Overview and Level Annotations

Branches:
Dungeon (2/15)

Altars:
Xom

Shops:
D:1 (

Annotations:
D:3 Grinder


Innate Abilities, Weirdness & Mutations

You are too large for most types of armour.
You have claws for hands.
Your natural rate of healing is unusually fast.
You are covered in fur. (AC +1)
You have tough skin. (AC +1)


Message History

Grinder is lightly wounded.
The bat hits you but does no damage. The bat barely misses you.
Grinder closely misses you. The hobgoblin hits you.
You claw Grinder!
Grinder is moderately wounded.
The bat hits you. The bat barely misses you. Grinder barely misses you.
The hobgoblin hits you.
You claw Grinder!
Grinder is severely wounded.
The bat closely misses you.
Grinder drinks a potion.
Grinder is healed!
The hobgoblin hits you.
You claw Grinder!
Grinder is severely wounded.
The bat barely misses you. Grinder hits you.
You writhe in agony.
* * * LOW HITPOINT WARNING * * *
The hobgoblin hits you.
* * * LOW HITPOINT WARNING * * *
You scratch Grinder but do no damage.
Grinder is severely wounded.
The bat closely misses you. Grinder barely misses you.
The hobgoblin hits you but does no damage.
You closely miss Grinder.
Grinder is severely wounded.
The bat hits you but does no damage. Grinder gestures at you.
You resist with significant effort. The hobgoblin barely misses you.
You scratch Grinder but do no damage.
Grinder is severely wounded.
The bat barely misses you. Grinder barely misses you. The hobgoblin hits you.
* * * LOW HITPOINT WARNING * * *
You scratch Grinder.
Grinder is almost dead.
Grinder gestures at you. Pain shoots through your body!
* * * LOW HITPOINT WARNING * * *
The hobgoblin closely misses you.
You closely miss Grinder.
Grinder is almost dead.
The bat misses you. Grinder hits you!
You die...

....... .>.....
....... .......
....... .b.....
#####5....#.
#...@.......
###.g.......
#####....###...
#.......## .
#...........#
#........####
#............
...........###
.......(......


You could see Grinder, a hobgoblin and a bat.

Vanquished Creatures
  A worm (D:2)
  A dart slug (D:1)
  An endoplasm (D:1)
  2 giant cockroaches (D:1)
  8 goblins
  A hobgoblin (D:2)
  6 kobolds (D:1)
  3 quokkas
  3 ball pythons
  4 bats
  3 frilled lizards (D:1)
  2 rats
35 creatures vanquished.

Notes
Turn   | Place    | Note
-------+----------+-------------------------------------------
     0 | D:1      | jamesp the Troll Monk began the quest for the Orb.
     0 | D:1      | Reached XP level 1. HP: 22/22 MP: 0/0
   151 | D:1      | Reached XP level 2. HP: 27/29 MP: 1/1
   579 | D:1      | Found Vuifoeso's Antique Weapon Boutique.
   608 | D:1      | Reached XP level 3. HP: 33/36 MP: 2/2
   909 | D:2      | You fall into a shaft and drop 1 floor!
   909 | D:3      | Found a shimmering altar of Xom.
   913 | D:3      | Noticed Grinder
   926 | D:3      | Slain by Grinder

Illustrated notes

Levels and vault maps discovered:
D:1:      dpeg_arrival_shrine, layout_basic, serial_shops, shop, hex_medium
D:2:      layout_basic
D:3:      layout_rooms, mainiacjoe_overflow_tiny_flanked, kennysheep_donut,
          uniq_grinder

Action                   || total
-------------------------++-------
Melee: Unarmed           ||    91
       Punch             ||     3
 Stab: Sleeping          ||     2
       Distracted        ||     1
Armor: Robe              ||    25
Dodge: Dodged            ||    56
